 Dungeon Crawl Stone Soup version 0.28-a0-1147-gc7b72d3202 (webtiles) character file.

Game seed: 4512949504781020929

12733 ChaosChampion the Eclecticist (level 11, -6/54 HPs)
             Began as a Deep Elf Conjurer on Dec 14, 2021.
             Was a Priest of Vehumet.
             Mangled by a boulder beetle (27 damage)
             ... on level 11 of the Dungeon.
             The game lasted 00:24:29 (13914 turns).

ChaosChampion the Eclecticist (Deep Elf Conjurer)  Turns: 13914, Time: 00:24:29

Health: -6/54      AC:  7    Str:  4    XL:     11   Next: 66%
Magic:  14/33      EV: 11    Int: 28    God:    Vehumet [***...]
Gold:   571        SH:  0    Dex: 13    Spells: 23/43 levels left

rFire   . . .      SeeInvis +   (no weapon)
rCold   . . .      Faith    .   (no shield)
rNeg    . . .      Spirit   .   I - +0 troll leather armour
rPois   .          Reflect  .   n - +2 helmet
rElec   .          Harm     .   (no cloak)
rCorr   .          Rampage  .   (no gloves)
Will    ++...                   (no boots)
Stlth   ++........              (no amulet)
HPRegen 0.98/turn               t - ring of see invisible
MPRegen 0.23/turn               w - ring of willpower

@: very slightly contaminated
A: no striking features
a: Renounce Religion


You were on level 11 of the Dungeon.
You worshipped Vehumet.
Vehumet was most pleased with you.
You visited 2 branches of the dungeon, and saw 12 of its levels.
You also visited: Ossuary.

You collected 571 gold pieces.

Inventory:

Missiles
 i - 2 throwing nets
 E - 38 poisoned darts (quivered)
Armour
 a - a +0 robe
 n - a +2 helmet (worn)
 u - +0 steam dragon scales
 I - a +0 troll leather armour (worn)
Jewellery
 t - a ring of see invisible (left hand)
 w - a ring of willpower (right hand)
 G - an amulet of faith
Wands
 b - a wand of charming (7)
 h - a wand of flame (17)
 r - a wand of acid (5)
 H - a wand of mindburst (10)
 J - a wand of polymorph (3)
Scrolls
 c - a scroll of teleportation
 e - a scroll of magic mapping
 k - 3 scrolls of enchant armour
 m - 3 scrolls of immolation
 v - a scroll of blinking
 z - a scroll of noise
 K - a scroll of holy word
Potions
 d - a potion of magic {unknown}
 g - a potion of mutation {unknown}
 j - 4 potions of invisibility
 l - 3 potions of curing {unknown}
 o - 3 potions of haste
 p - a potion of might {unknown}
 q - 6 potions of heal wounds
 A - 2 potions of resistance {unknown}


   Skills:
 - Level 2.4 Dodging
 - Level 2.4 Stealth
 * Level 16.5 Spellcasting
 + Level 11.2 Conjurations
 * Level 5.3 Necromancy
 - Level 6.0 Translocations
 * Level 7.8 Ice Magic


You had 23 spell levels left.
You knew the following spells:

 Your Spells              Type           Power      Damage    Failure   Level
a - Magic Dart            Conj           100%       1d8       1%          1
b - Stone Arrow           Conj/Erth      100%       3d13      1%          3
c - Hailstorm             Conj/Ice       66%        3d14      1%          4
d - Iskenderun's Mystic   Conj/Tloc      64%        2d13      1%          4
e - Simulacrum            Ice/Necr       28%        N/A       36%         6
z - Blink                 Tloc           100%       N/A       1%          2

Your spell library contained the following spells:

 Spells                   Type           Power      Damage    Failure   Level
 Ignite Poison            Fire/Tmut/Pois 23%        N/A       3%          3
 Animate Skeleton         Necr           100%       N/A       1%          1
 Apportation              Tloc           100%       N/A       1%          1
 Searing Ray              Conj           100%       2d8       1%          2
 Dazzling Flash           Conj/Hex       100%       N/A       1%          3
 Fulminant Prism          Conj/Hex       26%        3d14      1%          4
 Summon Small Mammal      Summ           92%        N/A       3%          1
 Ice Form                 Ice/Tmut       45%        N/A       8%          4
 Manifold Assault         Tloc           54%        N/A       9%          5
 Storm Form               Tmut/Air       11%        N/A       100%        7


Dungeon Overview and Level Annotations

Branches:
Dungeon (11/15)            Temple (1/1) D:6            Lair (0/6) D:8
    Orc (0/2) D:10        Ossuary (visited)

Altars:
Ashenzari
Cheibriados
Dithmenos
Elyvilon
Fedhas
Gozag
Hepliaklqana
Kikubaaqudgha
Makhleb
Nemelex Xobeh
Okawaru
Qazlal
Ru
Sif Muna
Trog
Uskayaw
Vehumet
Wu Jian
Xom
Yredelemnul
Zin
The Shining One

Shops:
D:7 (

Annotations:
D:11 1 exclusion


Message History

A boulder beetle comes into view.
You see here 12 gold pieces.
Found 12 gold pieces.
The boulder beetle leaps!
Casting: Iskenderun's Mystic Blast (safe; 1% risk of failure)
Confirm with . or Enter, or press ? or * to list all spells.
You erupt in a blast of force!
The mystic blast hits the boulder beetle.
The boulder beetle is lightly wounded.
The boulder beetle is knocked back by the mystic blast.
The boulder beetle slams into the rock wall!
The boulder beetle is lightly wounded.
The boulder beetle curls into a ball and begins rolling!
There is a stone staircase leading up here.
Casting: Iskenderun's Mystic Blast (safe; 1% risk of failure)
Confirm with . or Enter, or press ? or * to list all spells.
You erupt in a blast of force!
The mystic blast hits the boulder beetle but does no damage.
The boulder beetle is lightly wounded.
The boulder beetle hits you!!!
Ouch! That really hurt!
The boulder beetle stops rolling and uncurls.
Casting: Iskenderun's Mystic Blast (safe; 1% risk of failure)
Confirm with . or Enter, or press ? or * to list all spells.
You erupt in a blast of force!
The mystic blast hits the boulder beetle but does no damage.
The boulder beetle is lightly wounded.
The boulder beetle barely misses you.
Casting: Iskenderun's Mystic Blast (safe; 1% risk of failure)
Confirm with . or Enter, or press ? or * to list all spells.
You erupt in a blast of force!
The mystic blast hits the boulder beetle!
The boulder beetle is lightly wounded.
The boulder beetle is knocked back by the mystic blast.
Casting: Iskenderun's Mystic Blast (safe; 1% risk of failure)
Confirm with . or Enter, or press ? or * to list all spells.
You miscast Iskenderun's Mystic Blast.
You are very lightly contaminated with residual magic.
Nothing appears to happen.
The boulder beetle bites you!!
Ouch! That really hurt!
You die...

**.** ##..## *..*
*#.** ##..## **.#
*#.##* ##..## *,*
*#..###...## ***
*#........### ***
#.#..$.....#****,*
*##>....###.<,,,,*
#$.B..## **#,,,,**
##.@.## **,,,,*
##..# **,,,* #..#
*,,,*** #..#
*,,,,,* #..#*
**,,,,,, #.$.*
**,,,,,,* ##..*
***,,,,,,,*
*..#***,,,***,,,*
*,,,*,,**** **,,*


You could see a boulder beetle.

Vanquished Creatures
  A hydra (D:11)
  2 two-headed ogres
  A manticore (D:11)
  Maggie (D:6)
  A komodo dragon (D:10)
  An unseen horror (D:10)
  4 trolls
  Prince Ribbit (D:5)
  Grinder (D:5)
  A wyvern (D:8)
  A vampire (D:9)
  10 yaks
  3 shadows
  A wraith (D:11)
  A steam dragon (D:8)
  6 vampire mosquitoes (D:11)
  2 wargs (D:8)
  Edmund (D:4)
  2 water moccasins
  A hornet zombie (D:5)
  An ice beast (D:5)
  6 orc warriors
  3 sky beasts
  A necrophage (D:6)
  3 ogres
  8 centaurs
  A phantom (D:6)
  Blork the orc (D:5)
  4 kobold brigands
  A bullfrog (D:7)
  A wyvern zombie (D:8)
  A scorpion (D:4)
  17 killer bees
  5 wights (D:6)
  3 howler monkeys
  2 centaur zombies
  A jelly (D:4)
  2 bullfrog zombies
  8 orc priests
  A bullfrog skeleton (D:4)
  A centaur skeleton (D:6)
  A gnoll shaman (D:7)
  3 hounds
  Ijyb (D:5)
  Terence (D:3)
  An iguana (D:6)
  8 orc wizards
  A scorpion zombie (D:5)
  A hound zombie (D:5)
  3 mummies (Ossuary)
  A howler monkey zombie (D:8)
  7 gnolls
  8 adders
  A shadow imp (D:5)
  4 adder zombies (Ossuary)
  An adder skeleton (D:4)
  3 worms
  3 dart slugs
  32 orcs
  4 ball pythons
  2 endoplasms
  2 giant cockroaches
  4 goblins
  4 hobgoblins
  3 jackals (D:4)
  27 kobolds
  2 quokkas (D:4)
  2 bats (D:3)
  3 frilled lizards
  2 gnoll zombies (Ossuary)
  2 goblin zombies (Ossuary)
  A hobgoblin zombie (Ossuary)
  3 kobold zombies (Ossuary)
  2 quokka zombies (Ossuary)
  3 rats
  4 rat zombies (Ossuary)
263 creatures vanquished.

Vanquished Creatures (others)
  A fungus (D:8)
  2 plants (D:8)
3 creatures vanquished.

Grand Total: 266 creatures vanquished

Notes
Turn   | Place    | Note
-------+----------+-------------------------------------------
     0 | D:1      | ChaosChampion the Deep Elf Conjurer began the quest for the
                  | Orb.
     0 | D:1      | Reached XP level 1. HP: 10/10 MP: 6/6
   145 | D:1      | You fall into a shaft and drop 1 floor!
   243 | D:2      | Reached XP level 2. HP: 15/15 MP: 5/8
   329 | D:2      | Learned a level 2 spell: Searing Ray
   360 | D:2      | Found a bloodstained altar of Trog.
   389 | D:2      | Reached skill level 4 in Spellcasting
   427 | D:2      | Reached skill level 5 in Conjurations
   427 | D:2      | Reached XP level 3. HP: 19/19 MP: 4/10
  1023 | D:3      | Learned a level 2 spell: Blink
  1199 | D:3      | Noticed Terence
  1327 | D:3      | Reached XP level 4. HP: 24/24 MP: 10/12
  1563 | D:4      | Noticed a scorpion
  1567 | D:4      | Killed a scorpion
  1568 | D:4      | Reached skill level 5 in Spellcasting
  1568 | D:4      | Reached skill level 1 in Translocations
  1617 | D:4      | Reached XP level 5. HP: 28/28 MP: 12/14
  1636 | D:4      | Learned a level 4 spell: Iskenderun's Mystic Blast
  2192 | D:4      | Noticed Edmund
  2312 | D:4      | Killed Edmund
  2313 | D:4      | Reached skill level 6 in Spellcasting
  2313 | D:4      | Reached XP level 6. HP: 32/32 MP: 1/17
  3130 | D:4      | Found an ornate altar of the Wu Jian Council.
  3314 | D:5      | Entered Level 5 of the Dungeon
  3404 | D:3      | Killed Terence
  3636 | D:5      | Reached skill level 7 in Spellcasting
  3636 | D:5      | Reached XP level 7. HP: 36/36 MP: 11/19
  3743 | D:5      | Noticed Grinder
  3945 | D:5      | Learned a level 4 spell: Hailstorm
  3959 | D:5      | Noticed Ijyb
  3967 | D:5      | Killed Ijyb
  4160 | D:5      | Noticed Blork the orc
  4167 | D:5      | Killed Blork the orc
  4168 | D:5      | Reached skill level 5 in Translocations
  4240 | D:5      | Reached skill level 8 in Spellcasting
  4240 | D:5      | Reached skill level 1 in Ice Magic
  4490 | D:5      | Reached XP level 8. HP: 41/41 MP: 17/22
  4657 | D:5      | Killed Grinder
  4658 | D:5      | Reached skill level 9 in Spellcasting
  4949 | D:5      | Noticed Prince Ribbit
  4954 | D:5      | Killed Prince Ribbit
  5349 | D:6      | Noticed Maggie
  5350 | D:6      | Found a staircase to the Ecumenical Temple.
  5706 | D:6      | Reached skill level 10 in Spellcasting
  5742 | D:6      | Reached skill level 5 in Ice Magic
  5742 | D:6      | Reached XP level 9. HP: 45/45 MP: 16/25
  6719 | D:7      | Reached skill level 11 in Spellcasting
  7052 | D:6      | Killed Maggie
  7061 | Temple   | Entered the Ecumenical Temple
  7209 | Temple   | Became a worshipper of Vehumet
  7497 | D:7      | Found Kaestraeg's Weapon Shop.
  8059 | D:8      | Reached skill level 12 in Spellcasting
  8350 | D:8      | Found a blossoming altar of Fedhas.
  8471 | D:8      | Found a sand-covered staircase.
  8482 | Ossuary  | Entered an ossuary
  8613 | Ossuary  | Reached * piety under Vehumet
  8613 | Ossuary  | Offered knowledge of Foxfire by Vehumet.
  8975 | D:8      | Reached XP level 10. HP: 20/50 MP: 16/28
  9089 | D:8      | Reached skill level 13 in Spellcasting
  9846 | D:8      | Found a staircase to the Lair.
 10184 | D:9      | Noticed a two-headed ogre
 10191 | D:9      | Killed a two-headed ogre
 10192 | D:9      | Reached skill level 14 in Spellcasting
 10474 | D:9      | Found an iron altar of Okawaru.
 10522 | D:9      | Reached ** piety under Vehumet
 10522 | D:9      | Offered knowledge of Shock by Vehumet.
 10523 | D:9      | Reached skill level 10 in Conjurations
 10846 | D:9      | Reached skill level 15 in Spellcasting
 11144 | D:9      | Found a hide-covered altar of Uskayaw.
 11200 | D:9      | Found an ancient bone altar of Kikubaaqudgha.
 11283 | D:10     | Entered Level 10 of the Dungeon
 11490 | D:10     | Learned a level 6 spell: Simulacrum
 11517 | D:10     | Offered knowledge of Stone Arrow by Vehumet.
 11530 | D:10     | Learned a level 3 spell: Stone Arrow
 11607 | D:10     | Found a staircase to the Orcish Mines.
 11632 | D:10     | Noticed a two-headed ogre
 11639 | D:10     | Killed a two-headed ogre
 11640 | D:10     | Reached skill level 1 in Necromancy
 11640 | D:10     | Reached XP level 11. HP: 54/54 MP: 20/32
 11888 | D:10     | Found a shimmering blue altar of Sif Muna.
 12080 | D:10     | Found a shimmering altar of Xom.
 12387 | D:11     | Reached *** piety under Vehumet
 12393 | D:11     | Reached skill level 16 in Spellcasting
 12552 | D:11     | Offered knowledge of Ignite Poison by Vehumet.
 13209 | D:11     | Noticed an eight-headed hydra
 13214 | D:11     | Killed an eight-headed hydra
 13450 | D:11     | Reached skill level 5 in Necromancy
 13905 | D:11     | Noticed a boulder beetle
 13914 | D:11     | Mangled by a boulder beetle

Illustrated notes

Levels and vault maps discovered:
D:1:      lightli_arrival_windingriver, layout_loops_ring,
          ebering_ecumenical_altar_hall
D:2:      layout_basic, basic_altar
D:3:      layout_loops_cross, uniq_terence
D:4:      layout_basic, nicolae_wu_jian_glorious_leap, minmay_diced_spiral,
          uniq_edmund
D:5:      layout_gridville, hangedman_decor_lopped, mrwooster_statue_mirror,
          uniq_blork_the_orc, uniq_ijyb, uniq_prince_ribbit1, uniq_grinder
D:6:      layout_basic, minmay_temple_entry_from_below_a, grunt_ministairs_13,
          corexii_leaking_fountain, minivault_4, minmay_tree_intersection,
          uniq_maggie
D:7:      layout_basic, serial_shops, shop, minmay_misc_feat_diagonals
D:8:      layout_basic, fedhas_altar_3, erik_lair_orcish_takeover,
          enter_ossuary_1, serial_park_tiny_1
D:9:      layout_irregular_city, mainiacjoe_overflow_catwalk,
          mainiacjoe_overflow_big_doors
D:10:     layout_long_grid, mainiacjoe_overflow_small_starburst,
          lemuel_round_altar, david_orc_3
D:11:     layout_layer_cave, minmay_misc_feat_columns
Temple:   regret_index_temple_waves

Skill      XL: |  1  2  3  4  5  6  7  8  9 10 11 |
---------------+----------------------------------+-----
Spellcasting   | 4 5 6 7 8 10 12 15 16 | 16.5
Conjurations   | 5 6 7 9 10 11 | 11.2
Translocations | 1 3 4 5 6 |  6.0
Ice Magic      | 1 5 6 7 |  7.8
Necromancy     | 1 5 |  5.3
Dodging        | |  2.4
Stealth        | |  2.4

Action                   |  1- 3 |  4- 6 |  7- 9 | 10-12 || total
-------------------------+-------+-------+-------+-------++-------
Melee: Unarmed           |       |     3 |     2 |       ||     5
Throw: Dart              |       |       |     5 |       ||     5
 Cast: Magic Dart        |    45 |    43 |    46 |    81 ||   215
       Searing Ray       |     5 |    27 |    52 |    23 ||   107
       Iskenderun's Myst |       |     5 |    47 |    54 ||   106
       Hailstorm         |       |       |    15 |    18 ||    33
       Stone Arrow       |       |       |       |    52 ||    52
  Use: Scroll            |       |       |     8 |    13 ||    21
Armor: Robe              |     3 |     6 |    11 |     2 ||    22
       Troll leather arm |       |       |       |     6 ||     6
Dodge: Dodged            |     2 |    26 |    18 |    30 ||    76

Table legend: (Time is in decaauts)
 A = Elapsed time spent in this place.
 B = Non-inter-level travel time spent in this place.
 C = Inter-level travel time spent in this place.
 D = Time resting spent in this place.
 E = Time spent auto-exploring this place.
 F = Levels seen in this place.
 G = Mean time per level.
                   A        B        C        D        E       F      G
               +--------+--------+--------+--------+--------+-----+--------+
         Total |  13932 |  13500 |    432 |   2202 |   9261 |  13 | 1071.7 |
       Dungeon |  13335 |  12935 |    400 |   2116 |   8876 |  11 | 1212.3 |
        Temple |    183 |    151 |     32 |      0 |    133 |   1 |  183.0 |
       Ossuary |    413 |    413 |      0 |     86 |    252 |   1 |  413.0 |
               +--------+--------+--------+--------+--------+-----+--------+

Top non-repeatable levels by time:
     D:5: 2021 daAuts
    D:10: 1868 daAuts
     D:4: 1846 daAuts
     D:8: 1622 daAuts
     D:7: 1385 daAuts
     D:9: 1219 daAuts
     D:6: 1019 daAuts
     D:2: 784 daAuts
    D:11: 767 daAuts
     D:3: 652 daAuts
 Ossuary: 413 daAuts
  Temple: 183 daAuts
     D:1: 147 daAuts
